 Dungeon Crawl Stone Soup version 0.31-a0-435-g2c6fae2916 (webtiles) character file.

Game seed: 18196681701163008329

359 Ethylacetat the Changeling (level 6, -1/42 HPs)
             Began as an Octopode Shapeshifter on Aug 1, 2023.
             Slain by an ogre
             ... wielding a +0 giant club
              (20 damage)
             ... on level 5 of the Dungeon.
             The game lasted 00:05:26 (3884 turns).

Ethylacetat the Changeling (Octopode Shapeshifter)  Turns: 3884, Time: 00:05:27

Health: -1/42      AC:  1    Str: 15    XL:     6   Next: 65%
Magic:  6/6        EV: 13    Int: 10    God:
Gold:   325        SH:  0    Dex: 14    Spells: 5/5 levels left

rFire   . .          .
                       - Unarmed
rCold   . . .        (no shield)
rNeg    . . .        (helmet currently unavailable)
rPois   .            (no amulet)
rElec   .            (no ring)
rCorr   .            (no ring)
SInv    .            (no ring)
Will    .....        (no ring)
Stlth   ++           (no ring)
HPRegen 0.27/turn    (no ring)
MPRegen 0.10/turn    (no ring)
                     (no ring)

%: no passive effects
@: beast-form
A: beast (slay +3), almost no armour, amphibious, 8 rings, camouflage 1,
gelatinous body 1, (nimble swimmer 1), tentacles
a: Begin Untransformation


You were on level 5 of the Dungeon.
You were a hulking beast.
You visited 1 branch of the dungeon, and saw 5 of its levels.

You collected 325 gold pieces.

Inventory:

Armour
 m - a +0 hat
Talismans
 b - a beast talisman (active)
Scrolls
 a - a scroll of fog {unknown}
 d - 5 scrolls of identify {unknown}
 e - a scroll of blinking {unknown}
 g - a scroll of silence {unknown}
 i - a scroll of butterflies {unknown}
 k - a scroll of enchant weapon
 l - a scroll of teleportation
Potions
 c - 3 potions of curing {unknown}
 f - 3 potions of heal wounds {unknown}
 h - 3 potions of attraction {unknown}
 j - a potion of mutation {unknown}
 n - a potion of ambrosia {unknown}
 o - a potion of might {unknown}


   Skills:
 + Level 3.3 Fighting
 - Level 2.0 Dodging
 + Level 4.4 Unarmed Combat
 * Level 4.9 Shapeshifting


You had 5 spell levels left.
You didn't know any spells.
Your spell library contained the following spells:

 Spells                   Type           Power      Damage    Failure   Level
 Animate Dead             Necr           0%         N/A       98%         4
 Haunt                    Necr/Summ      0%         N/A       100%        7
 Infestation              Necr           0%         N/A       100%        8


Dungeon Overview and Level Annotations

Branches:
Dungeon (5/15)
 Temple: D:4-7

Altars:
Ashenzari
Okawaru
Yredelemnul

Shops:
D:2 :


Innate Abilities, Weirdness & Mutations

You are a hulking beast.
Your limbs bulge with bestial killing power. (Slay +3)
You cannot wear most types of armour.
You are amphibious.
You can wear up to eight rings at the same time.
Your skin changes colour to match your surroundings (Stealth+).
Your rubbery body absorbs attacks. (AC +1, EV +1)
((You are camouflaged when in or above water. (Stealth+)))
You have tentacles for arms and can constrict up to eight enemies at once.


Message History

Found a stone staircase leading up.
Found a stone staircase leading down.
No target in view!
You now have 311 gold pieces (gained 19).
Found a stone staircase leading down.
f - 2 purple potions (gained 1) No target in view!
No target in view!
No target in view!
Found a stone staircase leading down.
No target in view!
No target in view!
You now have 325 gold pieces (gained 14).
Found a stone staircase leading up.
No target in view!
No target in view!
No target in view!
Found an escape hatch in the ceiling.
No target in view!
f - 3 purple potions (gained 1)
There is an escape hatch in the ceiling here.
Key pressed, stopping explore.
No target in view!
There is a stone staircase leading down here.
An iguana comes into view.
An ogre and a black bear come into view.
The ogre shouts!
The black bear growls angrily.
The iguana hisses angrily.
There are monsters nearby!
You closely miss the iguana. Your grab misses the iguana.
Your squeeze misses the iguana.
The iguana hisses menacingly.
The iguana misses you.
You barely miss the iguana. You grab the iguana. You constrict the iguana.
The iguana bites you!
You release your grip on the iguana.
The black bear attacks as you move away!
The black bear bites you. The black bear claws you. x2
The ogre hits you with a +0 giant club!!
You die...

#.....# .......##
........# ...?....#
........# ........#
........## .......lh#
........h#########
.......O.........#####
........########.....#
........#
##########.##
........# #.....#
#..## ........#
#.....# ##..## .......
#.....# ##... .......
#.....### ###.
#.......######.


You could see a black bear, an ogre and an iguana.

Vanquished Creatures
  An ice beast (D:3)
  A scorpion (D:4)
  A hound (D:4)
  An orc wizard (D:5)
  2 gnolls (D:5)
  5 adders
  A worm (D:4)
  8 orcs
  6 ball pythons
  5 endoplasms
  4 giant cockroaches
  9 goblins
  7 hobgoblins
  2 quokkas
  5 bats
  3 frilled lizards
  13 kobolds
  4 rats
78 creatures vanquished.

Notes
Turn   | Place    | Note
-------+----------+-------------------------------------------
     0 | D:1      | Ethylacetat the Octopode Shapeshifter began the quest for
                  | the Orb.
     0 | D:1      | Reached XP level 1. HP: 13/13 MP: 1/1
   162 | D:1      | Reached XP level 2. HP: 18/18 MP: 2/2
   881 | D:2      | Reached XP level 3. HP: 23/23 MP: 3/3
   961 | D:2      | Found Qifibb's Book Boutique.
  1187 | D:2      | Reached XP level 4. HP: 29/29 MP: 4/4
  1817 | D:3      | Found a broken altar of Ashenzari.
  1943 | D:3      | Noticed an ice beast
  1961 | D:3      | Killed an ice beast
  1962 | D:3      | Reached XP level 5. HP: 35/35 MP: 5/5
  2716 | D:4      | Found a basalt altar of Yredelemnul.
  2938 | D:4      | Reached XP level 6. HP: 36/41 MP: 6/6
  3337 | D:4      | Found an iron altar of Okawaru.
  3385 | D:5      | Entered Level 5 of the Dungeon
  3878 | D:5      | Noticed a black bear
  3884 | D:5      | Slain by an ogre

Illustrated notes

Levels and vault maps discovered:
D:1:      amcnicky_arrival_underground_garden, layout_basic,
          minmay_parallelograms
D:2:      layout_basic, serial_shops, nicolae_shop_getting_attention,
          serial_forest, infiniplex_forest_end_2, infiniplex_forest_straight_3,
          infiniplex_forest_lined_corner, infiniplex_forest_clump_double,
          infiniplex_forest_lined_2, infiniplex_forest_corner_1
D:3:      layout_basic, nicolae_ashenzari_skybound, dk_noncrumbling_3
D:4:      layout_cave_pods, yredelemnul_altar_generic, lemuel_tele_altar
D:5:      minmay_goblin_kobold_castle, layout_rooms, serial_shops,
          nicolae_shop_real_fake_doors, mrwooster_statue_mirror

Skill      XL: |  1  2  3  4  5  6 |
---------------+-------------------+-----
Fighting       | 2 3 |  3.3
Shapeshifting  | 4 |  4.9
Unarmed Combat | 4 |  4.4
Dodging        | |  2.0

Action                     |  1- 3 |  4- 6 || total
---------------------------+-------+-------++-------
  Melee: Unarmed           |    49 |    83 ||   132
         Tentacles         |    10 |    14 ||    24
         Constrict         |    14 |    24 ||    38
         Punch             |       |     2 ||     2
    Use: Potion            |       |     1 ||     1
         Scroll            |       |     2 ||     2
   Stab: Sleeping          |     8 |     5 ||    13
 Armour: Skin              |     4 |    13 ||    17
  Dodge: Dodged            |    16 |    43 ||    59

Table legend: (Time is in decaauts)
 A = Elapsed time spent in this place.
 B = Non-inter-level travel time spent in this place.
 C = Inter-level travel time spent in this place.
 D = Time resting spent in this place.
 E = Time spent auto-exploring this place.
 F = Levels seen in this place.
 G = Mean time per level.
                   A        B        C        D        E       F      G
               +--------+--------+--------+--------+--------+-----+--------+
         Total |   3873 |   3724 |    149 |    267 |   2991 |   5 |  774.6 |
       Dungeon |   3873 |   3724 |    149 |    267 |   2991 |   5 |  774.6 |
               +--------+--------+--------+--------+--------+-----+--------+

Top non-repeatable levels by time:
     D:1: 875 daAuts
     D:2: 852 daAuts
     D:4: 837 daAuts
     D:3: 812 daAuts
     D:5: 496 daAuts
